[ AOE2 MATCH · #467439062 ]
UnrankedLithuanians vs Goths
[ REPLAY ANALYSIS · EXTRACTED FROM THE RECORDED GAME ]
Feudal
10:57
Castle
14:46
Imperial
31:55
| APM avg | 52.5 |
| APM peak | 84 |
| eAPM avg | 30.6 |
| Villagers / military | 148 / 77 |
Focus
⚔️ 31.6% · 🌾 68.4%
Spearman ×27 · Galley ×16 · Skirmisher ×14 · Fishing Ship ×9 · Trebuchet (Packed) ×8 · Leitis ×5
Feudal
10:04
Castle
21:41
Imperial
37:44
| APM avg | 51.4 |
| APM peak | 108 |
| eAPM avg | 25.4 |
| Villagers / military | 138 / 152 |
Focus
⚔️ 41.5% · 🌾 58.5%
Spearman ×79 · Galley ×64 · Fishing Ship ×12 · Monk ×4 · Fire Galley ×4 · Unknown (2626) ×3
Feudal
10:07
Castle
23:17
Imperial
41:55
| APM avg | 35.3 |
| APM peak | 89 |
| eAPM avg | 18.1 |
| Villagers / military | 126 / 88 |
Focus
⚔️ 35.0% · 🌾 65.0%
Galley ×88 · Fishing Ship ×3
Feudal
10:20
Castle
19:39
Imperial
31:11
| APM avg | 61.1 |
| APM peak | 108 |
| eAPM avg | 34.5 |
| Villagers / military | 201 / 231 |
Focus
⚔️ 45.2% · 🌾 54.8%
Scout Cavalry ×108 · Galley ×57 · Knight ×53 · Trebuchet (Packed) ×10 · Fishing Ship ×9 · Fire Galley ×2
Feudal
10:38
Castle
18:18
Imperial
33:37
| APM avg | 46.0 |
| APM peak | 98 |
| eAPM avg | 23.9 |
| Villagers / military | 71 / 21 |
Focus
⚔️ 27.4% · 🌾 72.6%
Unknown (1944) ×32 · Unknown (1949) ×17 · Fire Galley ×14 · Battering Ram ×5 · Unknown (1942) ×4 · Demolition Raft ×2
Feudal
10:46
Castle
23:10
Imperial
38:29
| APM avg | 58.4 |
| APM peak | 95 |
| eAPM avg | 23.8 |
| Villagers / military | 136 / 100 |
Focus
⚔️ 49.0% · 🌾 51.0%
Galley ×69 · Fire Galley ×19 · Fishing Ship ×13 · Cannon Galleon ×4 · Transport Ship ×4 · Unknown (2626) ×4
Feudal
9:35
Castle
16:39
Imperial
31:36
| APM avg | 56.6 |
| APM peak | 91 |
| eAPM avg | 29.9 |
| Villagers / military | 164 / 135 |
Focus
⚔️ 39.4% · 🌾 60.6%
Galley ×84 · Demolition Raft ×23 · Unknown (2626) ×19 · Scout Cavalry ×13 · Cannon Galleon ×9 · Mameluke ×5
Feudal
9:51
Castle
21:09
Imperial
27:09
| APM avg | 50.7 |
| APM peak | 90 |
| eAPM avg | 24.8 |
| Villagers / military | 120 / 151 |
Focus
⚔️ 35.7% · 🌾 64.3%
Scout Cavalry ×57 · Fire Galley ×42 · Kipchak ×37 · Fishing Ship ×19 · Trebuchet (Packed) ×5 · Monk ×3
Match map
Initial resources + every placement click. Lines = walls · curves = elevation contours. ◆ gold · ⬟ stone · ● berries · ✦ relic · ◌ wall gap
Your base· ✓ Closed at 14:46 · 0t walls · no gate
VN_KoNFeR's base· ✓ Closed at 21:41 · 8t walls · no gate
SHell | Denchik_Ne_Lohx's base· ✓ Closed at 23:17 · 10t walls · no gate
Calvin_Klein's base· ✓ Closed at 19:39 · 0t walls · no gate
Zni.Venom's base· ✓ Closed at 18:18 · 0t walls · no gate
VN_Zko's base· ✓ Closed at 23:10 · 34t walls · 1 gate(s)
.'s base· ✓ Closed at 16:39 · 11t walls · 1 gate(s)
VN_DarK_KnighT_'s base· ✓ Closed at 21:09 · 0t walls · no gate
Smoothed initial terrain · ◌ = detected wall gap · hover for details
Inputs per minute
— Idle Brother - - VN_KoNFeR
Build order — Idle Brother
First 150 of 368 actions detected
| 0:02 | Create | Villager (Male) ×5 |
| 0:03 | Build | House |
| 0:05 | Build | House |
| 0:26 | Create | Villager (Male) |
| 1:48 | Create | Villager (Male) |
| 1:48 | Create | Villager (Male) |
| 1:49 | Create | Villager (Male) |
| 2:15 | Build | Lumber Camp |
| 2:50 | Create | Villager (Male) |
| 2:50 | Create | Villager (Male) |
| 3:34 | Build | House |
| 4:07 | Create | Villager (Male) |
| 4:07 | Create | Villager (Male) |
| 4:27 | Create | Villager (Male) |
| 4:46 | Build | Dock |
| 5:16 | Build | House |
| 5:22 | Create | Villager (Male) |
| 5:22 | Create | Villager (Male) |
| 5:51 | Create | Fishing Ship |
| 5:53 | Create | Villager (Male) |
| 6:22 | Create | Villager (Male) |
| 6:41 | Create | Fishing Ship |
| 6:42 | Create | Villager (Male) |
| 6:47 | Build | House |
| 7:07 | Create | Villager (Male) |
| 7:15 | Create | Fishing Ship |
| 7:29 | Build | House |
| 7:53 | Create | Villager (Male) |
| 8:12 | Create | Fishing Ship |
| 8:14 | Create | Villager (Male) |
| 8:31 | Research | Feudal Age |
| 8:31 | Research | Feudal Age |
| 8:32 | Research | Feudal Age |
| 8:36 | Build | Mining Camp |
| 9:26 | Create | Fishing Ship |
| 10:27 | Create | Villager (Male) |
| 10:27 | Create | Villager (Male) |
| 10:50 | Build | Mill |
| 10:57 | Age | Feudal Age |
| 11:09 | Build | Blacksmith |
| 11:31 | Build | Market |
| 11:44 | Build | Lumber Camp |
| 12:07 | Research | Castle Age |
| 12:07 | Research | Castle Age |
| 12:28 | Build | Dock |
| 12:33 | Build | House |
| 12:34 | Build | House |
| 12:49 | Research | Double-Bit Axe |
| 12:50 | Research | Double-Bit Axe |
| 12:50 | Research | Double-Bit Axe |
| 13:00 | Create | Galley |
| 13:21 | Create | Galley |
| 13:32 | Create | Galley |
| 13:34 | Research | Fletching |
| 13:34 | Research | Fletching |
| 13:35 | Create | Villager (Male) |
| 13:35 | Create | Villager (Male) |
| 14:02 | Create | Galley |
| 14:07 | Build | Dock |
| 14:18 | Research | Tech 906 |
| 14:18 | Research | Tech 906 |
| 14:18 | Create | Galley |
| 14:29 | Create | Villager (Male) |
| 14:46 | Age | Castle Age |
| 14:49 | Build | Town Center |
| 15:00 | Research | Bow Saw |
| 15:00 | Research | Bow Saw |
| 15:40 | Create | Villager (Male) |
| 15:41 | Create | Villager (Male) |
| 15:41 | Create | Villager (Male) |
| 16:00 | Create | Galley |
| 16:00 | Create | Galley |
| 16:04 | Build | House |
| 16:14 | Create | Villager (Male) ×3 |
| 16:15 | Create | Villager (Male) ×3 |
| 16:23 | Create | Galley ×3 |
| 16:24 | Create | Villager (Male) |
| 16:43 | Research | War Galley (upgrade) |
| 16:44 | Research | War Galley (upgrade) |
| 16:44 | Research | War Galley (upgrade) |
| 17:03 | Create | Galley |
| 17:04 | Create | Galley |
| 17:13 | Create | Galley |
| 17:13 | Create | Galley |
| 17:17 | Build | Dock |
| 17:28 | Create | Villager (Male) |
| 17:28 | Create | Villager (Male) |
| 17:36 | Create | Villager (Male) |
| 17:40 | Build | Lumber Camp |
| 17:45 | Create | Galley |
| 17:45 | Create | Galley |
| 17:46 | Create | Villager (Male) |
| 17:46 | Create | Villager (Male) |
| 17:54 | Research | Wheelbarrow |
| 17:54 | Research | Wheelbarrow |
| 18:17 | Create | Fishing Ship |
| 18:19 | Create | Fishing Ship |
| 18:22 | Build | House |
| 18:30 | Create | Villager (Male) |
| 18:30 | Create | Villager (Male) |
| 18:38 | Build | House |
| 18:48 | Research | Loom |
| 18:48 | Research | Loom |
| 18:50 | Research | Town Watch |
| 18:51 | Create | Villager (Male) |
| 19:00 | Create | Villager (Male) |
| 19:05 | Build | Town Center |
| 19:09 | Build | House |
| 19:15 | Build | House |
| 19:16 | Build | House |
| 19:16 | Create | Villager (Male) |
| 19:23 | Create | Fishing Ship |
| 19:23 | Create | Fishing Ship |
| 19:34 | Create | Villager (Male) |
| 19:34 | Create | Villager (Male) |
| 19:48 | Build | Monastery |
| 20:00 | Research | Horse Collar |
| 20:00 | Research | Horse Collar |
| 20:02 | Create | Villager (Male) |
| 20:02 | Create | Villager (Male) |
| 20:20 | Create | Villager (Male) |
| 20:28 | Build | Farm |
| 20:29 | Build | Farm |
| 20:30 | Build | Farm |
| 20:32 | Build | Farm |
| 20:36 | Create | Villager (Male) |
| 20:36 | Create | Villager (Male) |
| 20:41 | Create | Monk |
| 20:41 | Create | Monk |
| 20:49 | Create | Villager (Male) |
| 20:55 | Create | Monk |
| 20:58 | Create | Villager (Male) |
| 21:12 | Build | House |
| 21:13 | Build | House |
| 21:13 | Create | Villager (Male) |
| 21:33 | Create | Villager (Male) |
| 21:35 | Research | Hand Cart |
| 21:35 | Research | Hand Cart |
| 21:37 | Create | Villager (Male) |
| 21:38 | Create | Villager (Male) |
| 21:53 | Build | Farm |
| 21:55 | Build | Farm |
| 21:57 | Build | Farm |
| 21:58 | Build | Farm |
| 22:00 | Create | Villager (Male) |
| 22:07 | Research | Heavy Plow |
| 22:07 | Create | Villager (Male) |
| 22:07 | Create | Villager (Male) |
| 22:09 | Build | House |
| 22:10 | Build | House |
Build order — VN_KoNFeR
First 150 of 457 actions detected
| 0:01 | Create | Villager (Male) |
| 0:02 | Build | House |
| 0:03 | Build | House |
| 0:13 | Create | Villager (Male) |
| 0:13 | Create | Villager (Male) |
| 0:13 | Create | Villager (Male) |
| 1:26 | Build | Lumber Camp |
| 1:33 | Create | Villager (Male) |
| 1:59 | Create | Villager (Male) |
| 2:28 | Create | Villager (Male) |
| 2:53 | Create | Villager (Male) |
| 3:22 | Create | Villager (Male) |
| 3:41 | Research | Loom |
| 3:51 | Create | Villager (Male) |
| 4:09 | Build | House |
| 4:20 | Create | Villager (Male) |
| 4:34 | Build | Dock |
| 4:45 | Create | Villager (Male) |
| 5:02 | Create | Villager (Male) |
| 5:09 | Create | Fishing Ship |
| 5:32 | Create | Villager (Male) |
| 5:34 | Create | Fishing Ship |
| 5:43 | Create | Villager (Male) |
| 5:45 | Build | House |
| 5:52 | Create | Villager (Male) |
| 6:07 | Build | Palisade Wall |
| 6:36 | Create | Fishing Ship |
| 6:39 | Create | Villager (Male) |
| 6:45 | Create | Villager (Male) |
| 6:48 | Build | House |
| 7:14 | Build | Palisade Wall |
| 7:28 | Create | Fishing Ship |
| 7:54 | Research | Feudal Age |
| 8:30 | Build | House |
| 8:56 | Build | Mining Camp |
| 9:00 | Build | Lumber Camp |
| 9:20 | Build | Dock |
| 9:42 | Create | Villager (Male) |
| 10:04 | Age | Feudal Age |
| 10:05 | Create | Galley |
| 10:05 | Create | Galley |
| 10:06 | Create | Villager (Male) |
| 10:09 | Research | Double-Bit Axe |
| 10:31 | Create | Villager (Male) |
| 10:33 | Build | Dock |
| 10:41 | Create | Villager (Male) |
| 10:48 | Create | Galley |
| 11:09 | Build | House |
| 11:29 | Create | Galley |
| 11:30 | Create | Galley |
| 11:42 | Create | Galley |
| 11:46 | Create | Villager (Male) |
| 11:50 | Build | House |
| 11:59 | Create | Villager (Male) |
| 12:15 | Create | Galley |
| 12:16 | Create | Galley |
| 12:16 | Create | Villager (Male) |
| 12:37 | Create | Villager (Male) |
| 12:43 | Build | House |
| 12:48 | Create | Galley |
| 12:59 | Build | Blacksmith |
| 13:01 | Create | Villager (Male) |
| 13:08 | Create | Villager (Male) |
| 13:13 | Create | Galley |
| 13:25 | Create | Galley |
| 13:29 | Create | Villager (Male) |
| 13:49 | Research | Fletching |
| 13:53 | Create | Galley |
| 13:59 | Build | House |
| 14:05 | Create | Galley |
| 14:13 | Build | House |
| 14:22 | Create | Galley |
| 14:22 | Create | Villager (Male) |
| 14:49 | Create | Villager (Male) |
| 14:49 | Create | Villager (Male) |
| 15:03 | Create | Galley |
| 15:03 | Create | Galley |
| 15:09 | Create | Villager (Male) |
| 15:09 | Create | Villager (Male) |
| 15:13 | Create | Galley |
| 15:22 | Build | House |
| 15:52 | Create | Villager (Male) |
| 16:08 | Create | Galley |
| 16:09 | Create | Galley |
| 16:09 | Create | Villager (Male) |
| 16:11 | Build | House |
| 16:15 | Build | Mill |
| 16:36 | Create | Galley |
| 16:37 | Create | Galley |
| 16:57 | Create | Villager (Male) |
| 17:03 | Create | Galley |
| 17:27 | Build | Market |
| 17:47 | Create | Villager (Male) |
| 17:52 | Create | Galley |
| 17:52 | Create | Galley |
| 18:13 | Create | Villager (Male) |
| 18:33 | Create | Galley |
| 19:00 | Create | Fishing Ship |
| 19:00 | Create | Fishing Ship |
| 19:00 | Create | Fishing Ship |
| 19:02 | Research | Castle Age |
| 19:05 | Build | Lumber Camp |
| 19:11 | Build | House |
| 19:38 | Research | Tech 906 |
| 19:41 | Research | Gold Mining |
| 19:52 | Build | House |
| 20:31 | Create | Galley |
| 20:31 | Create | Galley |
| 20:32 | Create | Galley |
| 20:46 | Build | House |
| 20:48 | Research | Horse Collar |
| 20:51 | Build | Farm |
| 20:54 | Build | Farm |
| 21:41 | Age | Castle Age |
| 21:48 | Research | War Galley (upgrade) |
| 21:49 | Research | Bodkin Arrow |
| 21:50 | Create | Villager (Male) |
| 22:02 | Create | Villager (Male) |
| 22:05 | Build | Town Center |
| 22:12 | Create | Villager (Male) |
| 22:25 | Build | Town Center |
| 22:34 | Research | Bow Saw |
| 22:38 | Create | Villager (Male) |
| 22:55 | Build | House |
| 23:12 | Research | Gillnets |
| 23:13 | Create | Fishing Ship |
| 23:13 | Create | Fishing Ship |
| 23:16 | Create | Villager (Male) |
| 23:19 | Create | Villager (Male) |
| 23:25 | Build | Lumber Camp |
| 23:28 | Create | Villager (Male) |
| 23:31 | Build | House |
| 23:46 | Research | Town Watch |
| 23:46 | Create | Villager (Male) |
| 23:49 | Create | Villager (Male) |
| 24:02 | Create | Villager (Male) |
| 24:03 | Build | Farm |
| 24:09 | Build | Farm |
| 24:10 | Build | Farm |
| 24:31 | Create | Villager (Male) |
| 24:31 | Create | Villager (Male) |
| 24:35 | Create | Fishing Ship |
| 24:35 | Create | Fishing Ship |
| 24:36 | Create | Fishing Ship |
| 24:37 | Create | Villager (Male) |
| 24:38 | Build | Farm |
| 24:42 | Build | House |
| 24:45 | Build | Monastery |
| 24:47 | Build | Farm |
| 24:47 | Build | Farm |
Build order — SHell | Denchik_Ne_Lohx
First 150 of 304 actions detected
| 0:02 | Create | Villager (Male) |
| 0:02 | Create | Villager (Male) |
| 0:02 | Create | Villager (Male) |
| 0:02 | Create | Villager (Male) |
| 0:02 | Create | Villager (Male) |
| 0:04 | Build | House |
| 0:06 | Build | House |
| 1:27 | Create | Villager (Male) |
| 1:27 | Create | Villager (Male) |
| 1:47 | Build | Mule Cart |
| 1:52 | Create | Villager (Male) |
| 1:52 | Create | Villager (Male) |
| 2:24 | Create | Villager (Male) |
| 2:24 | Create | Villager (Male) |
| 2:55 | Create | Villager (Male) |
| 2:55 | Create | Villager (Male) |
| 3:19 | Create | Villager (Male) |
| 3:19 | Create | Villager (Male) |
| 3:44 | Create | Villager (Male) |
| 3:44 | Create | Villager (Male) |
| 3:53 | Build | House |
| 3:54 | Build | House |
| 4:07 | Create | Villager (Male) |
| 4:07 | Create | Villager (Male) |
| 4:35 | Create | Villager (Male) |
| 4:35 | Create | Villager (Male) |
| 4:45 | Build | Dock |
| 5:00 | Create | Villager (Male) |
| 5:00 | Create | Villager (Male) |
| 5:00 | Create | Villager (Male) |
| 5:20 | Create | Villager (Male) |
| 5:20 | Create | Villager (Male) |
| 5:58 | Create | Fishing Ship |
| 5:58 | Create | Fishing Ship |
| 6:00 | Create | Villager (Male) |
| 6:05 | Build | House |
| 6:07 | Build | Palisade Wall |
| 6:07 | Build | Palisade Wall |
| 6:09 | Build | Palisade Wall |
| 6:11 | Build | Palisade Wall |
| 6:20 | Create | Villager (Male) |
| 7:07 | Create | Fishing Ship |
| 7:20 | Research | Loom |
| 7:32 | Build | Mule Cart |
| 7:39 | Build | Palisade Wall |
| 7:41 | Build | Palisade Wall |
| 7:45 | Build | Mule Cart |
| 7:53 | Research | Feudal Age |
| 8:57 | Build | Dock |
| 9:07 | Create | Villager (Male) |
| 10:07 | Age | Feudal Age |
| 10:10 | Create | Galley |
| 10:10 | Create | Galley |
| 10:13 | Research | Double-Bit Axe |
| 10:14 | Research | Double-Bit Axe |
| 10:15 | Create | Villager (Male) |
| 10:17 | Build | Blacksmith |
| 10:20 | Build | House |
| 10:28 | Build | Mule Cart |
| 10:39 | Create | Villager (Male) |
| 10:42 | Create | Galley |
| 10:42 | Create | Galley |
| 10:58 | Create | Galley |
| 11:07 | Create | Villager (Male) |
| 11:34 | Research | Fletching |
| 11:35 | Research | Fletching |
| 11:37 | Create | Galley |
| 11:38 | Create | Galley |
| 11:44 | Build | House |
| 11:54 | Create | Villager (Male) |
| 12:12 | Build | House |
| 12:16 | Create | Galley |
| 12:16 | Create | Galley |
| 12:23 | Create | Villager (Male) |
| 12:32 | Create | Villager (Male) |
| 12:43 | Create | Galley |
| 12:43 | Create | Galley |
| 12:54 | Create | Villager (Male) |
| 13:01 | Build | House |
| 13:06 | Create | Galley |
| 13:06 | Create | Galley |
| 13:25 | Create | Villager (Male) |
| 13:33 | Create | Villager (Male) |
| 13:48 | Create | Galley |
| 13:48 | Create | Galley |
| 13:51 | Build | House |
| 14:07 | Build | Dock |
| 14:15 | Create | Villager (Male) |
| 14:21 | Build | House |
| 14:49 | Create | Galley |
| 14:49 | Create | Galley |
| 14:49 | Create | Galley |
| 14:51 | Create | Villager (Male) |
| 15:12 | Create | Galley |
| 15:12 | Create | Galley |
| 15:16 | Create | Villager (Male) |
| 15:22 | Create | Villager (Male) |
| 15:24 | Build | Mill |
| 16:02 | Create | Galley ×3 |
| 16:03 | Create | Villager (Male) |
| 16:04 | Create | Villager (Male) |
| 16:09 | Build | House |
| 16:17 | Build | Farm |
| 16:37 | Create | Villager (Male) |
| 16:40 | Build | Farm |
| 16:41 | Build | Farm |
| 16:57 | Create | Galley |
| 17:00 | Create | Villager (Male) |
| 17:09 | Create | Villager (Male) |
| 17:13 | Create | Galley |
| 17:18 | Create | Villager (Male) |
| 17:23 | Create | Galley |
| 17:24 | Create | Villager (Male) |
| 17:29 | Research | Horse Collar |
| 17:30 | Research | Horse Collar |
| 17:30 | Research | Horse Collar |
| 17:56 | Create | Galley ×2 |
| 18:26 | Create | Villager (Male) |
| 18:53 | Build | Market |
| 19:00 | Create | Galley ×3 |
| 19:25 | Build | Farm |
| 19:29 | Build | Farm |
| 19:32 | Build | Farm |
| 19:42 | Create | Villager (Male) |
| 19:54 | Create | Villager (Male) |
| 19:59 | Build | Dock |
| 20:37 | Research | Castle Age |
| 20:37 | Research | Castle Age |
| 20:49 | Create | Villager (Male) |
| 20:54 | Build | Dock |
| 20:55 | Build | Dock |
| 21:07 | Build | Dock |
| 21:23 | Research | Gold Mining |
| 21:46 | Build | Dock |
| 21:52 | Create | Galley |
| 21:55 | Create | Villager (Male) |
| 21:56 | Build | House |
| 21:57 | Build | House |
| 22:08 | Build | Mule Cart |
| 22:21 | Build | Dock |
| 22:43 | Create | Galley ×5 |
| 23:14 | Create | Galley |
| 23:14 | Create | Galley |
| 23:17 | Age | Castle Age |
| 23:22 | Research | Bodkin Arrow |
| 23:25 | Research | War Galley (upgrade) |
| 23:31 | Create | Villager (Male) |
| 23:36 | Build | University |
| 23:37 | Research | Bow Saw |
| 23:38 | Research | Bow Saw |
Build order — Calvin_Klein
First 150 of 540 actions detected
| 0:01 | Create | Villager (Male) |
| 0:04 | Create | Villager (Male) |
| 0:05 | Create | Villager (Male) |
| 0:06 | Create | Villager (Male) |
| 0:06 | Create | Villager (Male) |
| 1:17 | Create | Villager (Male) |
| 1:17 | Create | Villager (Male) |
| 1:41 | Create | Villager (Male) |
| 1:41 | Create | Villager (Male) |
| 1:54 | Build | Lumber Camp |
| 2:21 | Create | Villager (Male) |
| 2:22 | Create | Villager (Male) |
| 2:45 | Create | Villager (Male) |
| 2:45 | Create | Villager (Male) |
| 3:10 | Create | Villager (Male) |
| 3:11 | Create | Villager (Male) |
| 3:55 | Create | Villager (Male) |
| 4:25 | Create | Villager (Male) |
| 4:25 | Create | Villager (Male) |
| 4:37 | Build | Dock |
| 4:43 | Create | Villager (Male) |
| 4:43 | Create | Villager (Male) |
| 5:00 | Create | Villager (Male) |
| 5:01 | Create | Villager (Male) |
| 5:14 | Create | Fishing Ship |
| 5:15 | Create | Fishing Ship |
| 5:17 | Create | Villager (Male) |
| 5:17 | Create | Villager (Male) |
| 5:52 | Create | Villager (Male) |
| 5:54 | Create | Villager (Male) |
| 5:54 | Create | Villager (Male) |
| 5:58 | Create | Fishing Ship |
| 5:58 | Create | Fishing Ship |
| 6:05 | Create | Villager (Male) |
| 6:26 | Create | Fishing Ship |
| 6:27 | Create | Fishing Ship |
| 6:42 | Create | Villager (Male) |
| 6:43 | Create | Villager (Male) |
| 7:14 | Create | Fishing Ship |
| 7:15 | Create | Fishing Ship |
| 7:30 | Research | Loom |
| 7:30 | Research | Loom |
| 7:56 | Research | Feudal Age |
| 7:56 | Research | Feudal Age |
| 8:07 | Create | Fishing Ship |
| 8:49 | Build | Lumber Camp |
| 9:08 | Build | Mining Camp |
| 9:35 | Create | Villager (Male) |
| 9:42 | Build | Dock |
| 9:51 | Create | Villager (Male) |
| 10:19 | Create | Villager (Male) |
| 10:20 | Age | Feudal Age |
| 10:23 | Research | Double-Bit Axe |
| 10:24 | Research | Double-Bit Axe |
| 10:29 | Create | Galley |
| 10:29 | Create | Galley |
| 10:32 | Create | Villager (Male) |
| 10:46 | Create | Villager (Male) |
| 10:54 | Build | Dock |
| 11:06 | Create | Galley |
| 11:06 | Create | Galley |
| 11:06 | Create | Villager (Male) |
| 11:08 | Create | Villager (Male) |
| 11:23 | Create | Galley |
| 11:25 | Create | Villager (Male) |
| 11:29 | Create | Villager (Male) |
| 11:37 | Create | Galley |
| 11:37 | Create | Galley |
| 11:50 | Create | Galley |
| 11:50 | Create | Galley |
| 11:54 | Create | Villager (Male) |
| 11:54 | Create | Villager (Male) |
| 12:08 | Create | Galley |
| 12:08 | Create | Galley |
| 12:19 | Create | Galley |
| 12:19 | Create | Galley |
| 12:19 | Create | Villager (Male) |
| 12:20 | Create | Villager (Male) |
| 12:20 | Create | Villager (Male) |
| 12:31 | Create | Galley |
| 12:31 | Create | Galley |
| 12:42 | Create | Villager (Male) |
| 12:49 | Create | Galley |
| 12:50 | Create | Galley |
| 12:57 | Create | Villager (Male) |
| 13:08 | Build | Blacksmith |
| 13:16 | Create | Villager (Male) |
| 13:16 | Create | Villager (Male) |
| 13:27 | Create | Galley |
| 13:36 | Create | Villager (Male) |
| 13:43 | Create | Galley |
| 13:43 | Create | Galley |
| 13:44 | Create | Galley |
| 13:49 | Create | Villager (Male) |
| 13:59 | Research | Fletching |
| 14:06 | Create | Galley |
| 14:08 | Create | Villager (Male) |
| 14:14 | Create | Villager (Male) |
| 14:18 | Build | Mill |
| 14:31 | Create | Galley |
| 14:31 | Create | Galley |
| 14:45 | Create | Galley |
| 14:58 | Create | Villager (Male) |
| 15:02 | Create | Galley |
| 15:02 | Create | Galley |
| 15:03 | Create | Villager (Male) |
| 15:21 | Create | Galley |
| 15:23 | Create | Villager (Male) |
| 15:43 | Create | Galley |
| 15:43 | Create | Galley |
| 16:08 | Build | Market |
| 16:59 | Research | Castle Age |
| 16:59 | Research | Castle Age |
| 17:11 | Create | Galley |
| 17:11 | Create | Galley |
| 17:11 | Create | Galley |
| 17:12 | Create | Galley |
| 17:12 | Create | Galley |
| 17:26 | Create | Galley |
| 17:27 | Create | Galley |
| 17:57 | Create | Galley |
| 18:11 | Create | Galley |
| 18:49 | Create | Galley |
| 18:49 | Create | Galley |
| 18:50 | Create | Villager (Male) |
| 19:01 | Create | Villager (Male) |
| 19:26 | Create | Galley |
| 19:26 | Create | Galley |
| 19:36 | Build | Lumber Camp |
| 19:39 | Age | Castle Age |
| 19:51 | Research | War Galley (upgrade) |
| 19:51 | Research | War Galley (upgrade) |
| 19:51 | Create | Villager (Male) |
| 20:06 | Create | Villager (Male) |
| 20:11 | Research | Bow Saw |
| 20:16 | Research | Bodkin Arrow |
| 20:16 | Research | Bodkin Arrow |
| 20:28 | Create | Galley |
| 20:28 | Create | Galley |
| 20:40 | Create | Villager (Male) |
| 20:40 | Create | Villager (Male) |
| 20:49 | Create | Villager (Male) |
| 20:52 | Create | Villager (Male) |
| 20:54 | Build | University |
| 21:04 | Create | Villager (Male) |
| 21:17 | Create | Villager (Male) |
| 21:41 | Create | Fire Galley |
| 21:42 | Create | Fire Galley |
| 21:49 | Research | Ballistics |
| 21:53 | Create | Villager (Male) |
Build order — Zni.Venom
First 150 of 243 actions detected
| 0:01 | Create | Villager (Male) |
| 0:02 | Create | Villager (Male) |
| 0:02 | Create | Villager (Male) |
| 0:02 | Create | Villager (Male) |
| 0:02 | Create | Villager (Male) |
| 0:04 | Build | House |
| 0:05 | Build | House |
| 1:24 | Build | Lumber Camp |
| 1:27 | Create | Villager (Male) |
| 1:27 | Create | Villager (Male) |
| 1:58 | Create | Villager (Male) |
| 1:58 | Create | Villager (Male) |
| 2:29 | Create | Villager (Male) |
| 2:29 | Create | Villager (Male) |
| 2:46 | Create | Villager (Male) |
| 2:46 | Create | Villager (Male) |
| 3:23 | Create | Villager (Male) |
| 3:24 | Create | Villager (Male) |
| 3:27 | Build | House |
| 3:35 | Create | Villager (Male) |
| 3:55 | Build | House |
| 4:01 | Create | Villager (Male) |
| 4:01 | Create | Villager (Male) |
| 4:31 | Create | Villager (Male) |
| 4:54 | Create | Villager (Male) |
| 5:10 | Create | Villager (Male) |
| 5:58 | Create | Villager (Male) |
| 6:00 | Build | Mill |
| 6:06 | Create | Villager (Male) |
| 6:24 | Create | Villager (Male) |
| 6:45 | Create | Villager (Male) |
| 6:57 | Build | House |
| 7:15 | Create | Villager (Male) |
| 7:44 | Create | Villager (Male) |
| 7:58 | Create | Villager (Male) |
| 8:08 | Build | Mining Camp |
| 8:14 | Research | Feudal Age |
| 9:19 | Create | Villager (Male) |
| 9:59 | Build | Dock |
| 10:38 | Age | Feudal Age |
| 10:43 | Research | Double-Bit Axe |
| 10:44 | Research | Horse Collar |
| 10:46 | Create | Villager (Male) |
| 11:01 | Create | Villager (Male) |
| 11:12 | Build | House |
| 11:15 | Create | Demolition Raft |
| 11:36 | Build | House |
| 11:44 | Create | Villager (Male) |
| 11:58 | Build | Lumber Camp |
| 12:20 | Create | Villager (Male) |
| 12:27 | Create | Fire Galley |
| 12:55 | Create | Villager (Male) |
| 13:03 | Build | Blacksmith |
| 13:04 | Create | Villager (Male) |
| 13:26 | Create | Villager (Male) |
| 13:42 | Create | Fire Galley |
| 13:43 | Create | Fire Galley |
| 13:48 | Build | Farm |
| 13:49 | Create | Villager (Male) |
| 14:05 | Build | Farm |
| 14:06 | Create | Villager (Male) |
| 14:28 | Build | Market |
| 14:48 | Create | Fire Galley |
| 14:49 | Create | Fire Galley |
| 15:13 | Create | Villager (Male) |
| 15:19 | Research | Castle Age |
| 15:19 | Research | Castle Age |
| 15:32 | Create | Villager (Male) |
| 15:43 | Research | Gold Mining |
| 15:54 | Build | House |
| 16:35 | Create | Fire Galley |
| 16:44 | Create | Villager (Male) |
| 16:53 | Build | Dock |
| 16:55 | Create | Fire Galley |
| 17:31 | Create | Fire Galley |
| 17:59 | Build | Dock |
| 18:04 | Build | House |
| 18:05 | Build | House |
| 18:18 | Age | Castle Age |
| 18:25 | Build | Siege Workshop |
| 18:29 | Create | Villager (Male) |
| 18:31 | Create | Villager (Male) |
| 18:33 | Build | Town Center |
| 18:37 | Research | Bow Saw |
| 18:38 | Research | Heavy Plow |
| 18:40 | Research | Gold Shaft Mining |
| 18:51 | Create | Fire Galley |
| 18:51 | Create | Fire Galley |
| 18:52 | Create | Fire Galley |
| 19:00 | Build | House |
| 19:03 | Research | Loom |
| 19:57 | Create | Battering Ram |
| 19:59 | Create | Battering Ram |
| 20:25 | Build | Barracks |
| 20:30 | Build | Farm |
| 20:31 | Create | Villager (Male) |
| 20:33 | Create | Villager (Male) |
| 20:35 | Build | Farm |
| 20:50 | Create | Battering Ram |
| 20:59 | Create | Demolition Raft |
| 21:01 | Create | Fire Galley |
| 21:07 | Create | Villager (Male) |
| 21:16 | Create | Villager (Male) |
| 21:19 | Research | Wheelbarrow |
| 21:29 | Create | Fire Galley |
| 21:30 | Create | Fire Galley |
| 21:46 | Build | Stable |
| 21:50 | Create | Villager (Male) |
| 21:51 | Build | Farm |
| 22:12 | Create | Villager (Male) |
| 22:17 | Build | Mining Camp |
| 22:19 | Research | Stone Mining |
| 22:24 | Create | Villager (Male) |
| 22:41 | Build | Farm |
| 22:41 | Build | Farm |
| 22:42 | Build | Farm |
| 22:42 | Build | Farm |
| 23:00 | Create | Villager (Male) |
| 23:07 | Build | Stable |
| 23:10 | Create | Villager (Male) |
| 23:19 | Build | Farm |
| 23:20 | Create | Villager (Male) |
| 23:22 | Build | Farm |
| 23:23 | Create | Villager (Male) |
| 23:35 | Create | Villager (Male) |
| 23:43 | Create | Unit 1944 |
| 23:44 | Research | Bloodlines |
| 23:44 | Research | Husbandry |
| 23:45 | Create | Unit 1944 |
| 23:49 | Create | Villager (Male) |
| 23:55 | Create | Villager (Male) |
| 24:04 | Build | Farm |
| 24:07 | Build | House |
| 24:08 | Build | House |
| 24:15 | Create | Unit 1944 |
| 24:18 | Create | Unit 1944 |
| 24:25 | Build | House |
| 24:26 | Build | House |
| 24:34 | Build | Farm |
| 24:38 | Create | Unit 1944 |
| 24:38 | Create | Unit 1944 |
| 24:45 | Build | House |
| 24:58 | Create | Unit 1944 |
| 25:01 | Build | Farm |
| 25:09 | Create | Unit 1944 |
| 25:10 | Create | Unit 1944 |
| 25:30 | Create | Unit 1944 |
| 25:33 | Create | Villager (Male) |
| 25:47 | Create | Villager (Male) |
| 25:54 | Create | Unit 1944 |
Build order — VN_Zko
First 150 of 348 actions detected
| 0:01 | Create | Villager (Male) |
| 0:03 | Build | House |
| 0:04 | Build | House |
| 0:08 | Create | Villager (Male) |
| 0:18 | Create | Villager (Male) |
| 0:19 | Create | Villager (Male) |
| 1:25 | Create | Villager (Male) |
| 1:25 | Create | Villager (Male) |
| 1:44 | Build | Lumber Camp |
| 1:51 | Create | Villager (Male) |
| 1:51 | Create | Villager (Male) |
| 2:12 | Create | Villager (Male) |
| 2:48 | Create | Villager (Male) |
| 2:48 | Create | Villager (Male) |
| 3:16 | Create | Villager (Male) |
| 3:16 | Create | Villager (Male) |
| 3:49 | Create | Villager (Male) |
| 3:49 | Create | Villager (Male) |
| 3:56 | Build | House |
| 4:14 | Build | Dock |
| 4:17 | Create | Villager (Male) |
| 4:43 | Create | Villager (Male) |
| 4:43 | Create | Villager (Male) |
| 4:52 | Create | Fishing Ship |
| 5:11 | Create | Villager (Male) |
| 5:11 | Create | Villager (Male) |
| 5:21 | Create | Villager (Male) |
| 5:41 | Create | Villager (Male) |
| 5:41 | Create | Villager (Male) |
| 5:43 | Build | House |
| 5:59 | Create | Villager (Male) |
| 5:59 | Create | Villager (Male) |
| 6:16 | Create | Villager (Male) |
| 6:16 | Create | Villager (Male) |
| 6:24 | Build | House |
| 6:25 | Create | Fishing Ship |
| 6:37 | Build | Palisade Wall |
| 6:41 | Create | Villager (Male) |
| 6:41 | Create | Villager (Male) |
| 6:57 | Create | Villager (Male) |
| 6:57 | Create | Villager (Male) |
| 7:04 | Build | Palisade Wall |
| 7:05 | Build | Palisade Wall |
| 7:16 | Build | Palisade Wall |
| 7:19 | Build | Palisade Wall |
| 7:22 | Build | Palisade Wall |
| 7:26 | Build | Palisade Wall |
| 7:35 | Create | Villager (Male) |
| 7:35 | Create | Villager (Male) |
| 7:39 | Create | Villager (Male) |
| 7:40 | Create | Villager (Male) |
| 7:46 | Create | Villager (Male) |
| 7:46 | Create | Villager (Male) |
| 7:53 | Research | Loom |
| 8:11 | Research | Loom |
| 8:30 | Research | Feudal Age |
| 8:31 | Research | Feudal Age |
| 9:09 | Create | Fishing Ship |
| 10:13 | Build | Dock |
| 10:32 | Create | Villager (Male) |
| 10:46 | Create | Villager (Male) |
| 10:46 | Age | Feudal Age |
| 10:46 | Create | Villager (Male) |
| 10:51 | Create | Villager (Male) |
| 10:53 | Create | Fire Galley |
| 10:57 | Create | Unit 2626 |
| 10:57 | Create | Unit 2626 |
| 11:17 | Create | Villager (Male) |
| 11:31 | Build | Gate |
| 11:39 | Build | Stone Wall |
| 12:05 | Create | Villager (Male) |
| 12:16 | Build | House |
| 12:41 | Create | Villager (Male) |
| 12:44 | Build | Mining Camp |
| 12:51 | Build | Stone Wall |
| 12:54 | Create | Villager (Male) |
| 12:59 | Build | Stone Wall |
| 13:06 | Create | Villager (Male) |
| 13:27 | Create | Fire Galley |
| 13:27 | Create | Fire Galley |
| 13:40 | Create | Fire Galley |
| 13:41 | Create | Fire Galley |
| 13:49 | Create | Villager (Male) |
| 13:50 | Create | Villager (Male) |
| 13:50 | Create | Villager (Male) |
| 13:56 | Create | Villager (Male) |
| 13:57 | Create | Villager (Male) |
| 14:04 | Create | Fire Galley |
| 14:04 | Create | Fire Galley |
| 14:04 | Create | Fire Galley |
| 14:08 | Create | Villager (Male) |
| 14:08 | Create | Villager (Male) |
| 14:13 | Create | Villager (Male) |
| 14:14 | Create | Villager (Male) |
| 14:21 | Create | Villager (Male) |
| 14:22 | Create | Villager (Male) |
| 14:38 | Build | House |
| 14:49 | Create | Villager (Male) |
| 14:52 | Create | Fire Galley |
| 14:52 | Create | Fire Galley |
| 15:00 | Research | Town Watch |
| 15:05 | Research | Tech 906 |
| 15:05 | Research | Tech 906 |
| 15:24 | Build | Stone Wall |
| 15:30 | Create | Villager (Male) |
| 15:37 | Build | Outpost |
| 15:43 | Research | Double-Bit Axe |
| 15:49 | Build | House |
| 15:50 | Build | House |
| 16:03 | Create | Fire Galley |
| 16:03 | Create | Fire Galley |
| 16:05 | Build | House |
| 16:06 | Build | House |
| 16:08 | Create | Villager (Male) |
| 16:15 | Create | Villager (Male) |
| 16:42 | Create | Fire Galley |
| 16:42 | Create | Fire Galley |
| 16:56 | Build | House |
| 16:57 | Build | House |
| 16:58 | Create | Villager (Male) |
| 17:03 | Build | Dock |
| 17:07 | Build | Dock |
| 17:16 | Create | Villager (Male) |
| 17:33 | Create | Unit 2626 |
| 17:33 | Create | Unit 2626 |
| 17:51 | Create | Villager (Male) |
| 18:05 | Create | Villager (Male) |
| 18:21 | Create | Demolition Raft |
| 18:21 | Create | Demolition Raft |
| 18:21 | Create | Demolition Raft |
| 18:27 | Build | Mill |
| 18:41 | Create | Villager (Male) |
| 18:43 | Create | Villager (Male) |
| 18:43 | Create | Villager (Male) |
| 19:02 | Build | Market |
| 19:08 | Create | Villager (Male) |
| 19:23 | Create | Villager (Male) |
| 20:01 | Create | Villager (Male) |
| 20:04 | Build | Blacksmith |
| 20:30 | Research | Castle Age |
| 20:31 | Research | Castle Age |
| 20:35 | Create | Galley |
| 20:36 | Create | Galley |
| 20:36 | Create | Galley |
| 20:37 | Create | Galley |
| 20:49 | Create | Villager (Male) |
| 20:49 | Create | Villager (Male) |
| 20:55 | Research | Horse Collar |
| 20:55 | Research | Horse Collar |
| 21:04 | Research | Fletching |
Build order — .
First 150 of 553 actions detected
| 0:01 | Create | Villager (Male) |
| 0:02 | Create | Villager (Male) |
| 0:03 | Build | House |
| 0:05 | Build | House |
| 0:10 | Create | Villager (Male) |
| 0:11 | Create | Villager (Male) |
| 1:25 | Create | Villager (Male) |
| 1:54 | Create | Villager (Male) |
| 1:55 | Create | Villager (Male) |
| 1:57 | Build | Lumber Camp |
| 2:20 | Create | Villager (Male) |
| 2:21 | Create | Villager (Male) |
| 2:47 | Create | Villager (Male) |
| 2:48 | Create | Villager (Male) |
| 3:16 | Create | Villager (Male) |
| 3:33 | Build | House |
| 3:41 | Create | Villager (Male) |
| 3:42 | Create | Villager (Male) |
| 3:59 | Build | Dock |
| 4:09 | Create | Villager (Male) |
| 4:33 | Create | Villager (Male) |
| 4:42 | Create | Fishing Ship |
| 5:02 | Create | Villager (Male) |
| 5:02 | Create | Villager (Male) |
| 5:09 | Build | House |
| 5:19 | Create | Villager (Male) |
| 5:19 | Create | Villager (Male) |
| 5:37 | Create | Fishing Ship |
| 5:46 | Create | Villager (Male) |
| 5:53 | Create | Villager (Male) |
| 6:20 | Create | Fishing Ship |
| 6:20 | Create | Fishing Ship |
| 6:26 | Research | Loom |
| 7:25 | Research | Feudal Age |
| 7:25 | Research | Feudal Age |
| 7:53 | Create | Fishing Ship |
| 8:04 | Build | Mining Camp |
| 8:22 | Build | House |
| 8:35 | Create | Villager (Male) |
| 8:55 | Build | Dock |
| 9:35 | Age | Feudal Age |
| 9:38 | Build | Dock |
| 9:46 | Create | Villager (Male) |
| 9:51 | Create | Galley |
| 10:12 | Build | Stone Wall |
| 10:14 | Build | Gate |
| 10:16 | Build | Gate |
| 10:18 | Create | Galley |
| 10:20 | Build | House |
| 10:23 | Create | Villager (Male) |
| 10:46 | Build | Stone Wall |
| 10:52 | Create | Villager (Male) |
| 11:02 | Create | Galley |
| 11:14 | Create | Villager (Male) |
| 11:22 | Build | Mill |
| 11:34 | Build | House |
| 11:35 | Create | Galley |
| 11:42 | Create | Villager (Male) |
| 11:48 | Build | House |
| 11:49 | Create | Villager (Male) |
| 11:56 | Build | Blacksmith |
| 12:16 | Build | House |
| 12:31 | Create | Villager (Male) |
| 12:35 | Build | Market |
| 12:56 | Create | Unit 2626 |
| 12:59 | Create | Villager (Male) |
| 13:15 | Create | Villager (Male) |
| 13:54 | Create | Villager (Male) |
| 13:59 | Research | Castle Age |
| 13:59 | Research | Castle Age |
| 14:13 | Research | Double-Bit Axe |
| 14:14 | Research | Double-Bit Axe |
| 14:22 | Create | Galley |
| 14:37 | Create | Galley |
| 14:37 | Create | Galley |
| 14:55 | Research | Gold Mining |
| 14:56 | Research | Gold Mining |
| 15:10 | Research | Fletching |
| 15:10 | Research | Fletching |
| 15:32 | Create | Galley |
| 15:40 | Create | Unit 2626 |
| 15:40 | Create | Unit 2626 |
| 15:42 | Create | Villager (Male) |
| 15:54 | Create | Unit 2626 |
| 16:32 | Create | Unit 2626 |
| 16:39 | Age | Castle Age |
| 16:51 | Research | War Galley (upgrade) |
| 16:59 | Research | Bow Saw |
| 17:01 | Create | Villager (Male) |
| 17:30 | Create | Villager (Male) |
| 17:36 | Research | Bodkin Arrow |
| 17:36 | Research | Bodkin Arrow |
| 17:36 | Research | Bodkin Arrow |
| 17:41 | Create | Galley |
| 17:49 | Create | Villager (Male) |
| 17:57 | Create | Villager (Male) |
| 18:15 | Build | Town Center |
| 18:24 | Build | House |
| 18:39 | Create | Villager (Male) |
| 18:43 | Research | Tech 906 |
| 18:43 | Research | Tech 906 |
| 18:48 | Create | Villager (Male) |
| 18:52 | Create | Unit 2626 |
| 18:52 | Create | Unit 2626 |
| 19:07 | Create | Villager (Male) |
| 19:20 | Build | Lumber Camp |
| 19:51 | Create | Villager (Male) |
| 19:54 | Create | Villager (Male) |
| 19:57 | Create | Villager (Male) |
| 20:04 | Build | Town Center |
| 20:08 | Create | Villager (Male) |
| 20:11 | Research | Horse Collar |
| 20:13 | Create | Villager (Male) |
| 20:33 | Create | Unit 2626 |
| 20:33 | Create | Unit 2626 |
| 20:37 | Build | Farm |
| 20:45 | Build | Farm |
| 20:46 | Create | Villager (Male) |
| 20:55 | Build | House |
| 20:56 | Build | House |
| 20:57 | Create | Villager (Male) |
| 21:06 | Build | Farm |
| 21:07 | Build | Farm |
| 21:10 | Create | Villager (Male) |
| 21:17 | Build | Farm |
| 21:23 | Create | Villager (Male) |
| 21:30 | Build | Farm |
| 21:30 | Build | Farm |
| 21:33 | Build | Farm |
| 21:34 | Create | Villager (Male) |
| 21:35 | Create | Villager (Male) |
| 21:39 | Build | Farm |
| 21:46 | Create | Villager (Male) |
| 21:49 | Create | Villager (Male) |
| 21:51 | Create | Villager (Male) |
| 21:54 | Build | Farm |
| 21:56 | Build | House |
| 21:57 | Build | House |
| 21:59 | Create | Villager (Male) |
| 22:09 | Create | Villager (Male) |
| 22:23 | Build | Town Center |
| 22:27 | Create | Villager (Male) |
| 22:33 | Create | Villager (Male) |
| 22:36 | Build | Farm |
| 22:36 | Build | Farm |
| 22:42 | Create | Villager (Male) |
| 22:46 | Build | Farm |
| 22:46 | Build | Farm |
| 22:48 | Build | Farm |
| 22:49 | Build | Farm |
Build order — VN_DarK_KnighT_
First 150 of 377 actions detected
| 0:02 | Create | Villager (Male) ×4 |
| 0:02 | Create | Villager (Male) ×4 |
| 0:03 | Build | House |
| 0:05 | Build | House |
| 0:49 | Build | Lumber Camp |
| 1:32 | Create | Villager (Male) |
| 1:32 | Create | Villager (Male) |
| 2:00 | Create | Villager (Male) |
| 2:01 | Create | Villager (Male) |
| 2:33 | Create | Villager (Male) |
| 2:34 | Create | Villager (Male) |
| 2:51 | Create | Villager (Male) |
| 2:51 | Create | Villager (Male) |
| 3:19 | Create | Villager (Male) |
| 3:19 | Create | Villager (Male) |
| 3:39 | Build | House |
| 3:45 | Create | Villager (Male) |
| 3:45 | Create | Villager (Male) |
| 4:07 | Create | Villager (Male) |
| 4:08 | Create | Villager (Male) |
| 4:30 | Build | Dock |
| 4:36 | Create | Villager (Male) |
| 4:37 | Create | Villager (Male) |
| 4:48 | Build | House |
| 5:01 | Create | Villager (Male) |
| 5:01 | Create | Villager (Male) |
| 5:09 | Create | Fishing Ship |
| 5:24 | Create | Villager (Male) |
| 5:25 | Create | Villager (Male) |
| 5:27 | Create | Fishing Ship |
| 5:47 | Create | Villager (Male) |
| 5:59 | Create | Fishing Ship |
| 6:11 | Create | Villager (Male) |
| 6:34 | Build | House |
| 6:41 | Create | Villager (Male) |
| 7:06 | Create | Villager (Male) |
| 7:14 | Create | Fishing Ship |
| 7:41 | Research | Feudal Age |
| 7:59 | Create | Fishing Ship |
| 8:40 | Build | House |
| 9:46 | Create | Villager (Male) |
| 9:51 | Age | Feudal Age |
| 9:54 | Build | Town Center |
| 9:56 | Research | Double-Bit Axe |
| 9:59 | Create | Unit 2626 |
| 10:02 | Create | Unit 2626 |
| 10:03 | Create | Villager (Male) |
| 10:30 | Create | Villager (Male) |
| 10:53 | Create | Villager (Male) |
| 11:23 | Build | Mining Camp |
| 11:24 | Create | Villager (Male) |
| 11:24 | Create | Villager (Male) |
| 11:26 | Build | House |
| 11:27 | Build | House |
| 11:33 | Create | Villager (Male) |
| 11:49 | Create | Villager (Male) |
| 11:55 | Create | Villager (Male) |
| 11:55 | Create | Villager (Male) |
| 11:57 | Build | House |
| 12:16 | Create | Villager (Male) |
| 12:21 | Build | House |
| 12:31 | Create | Villager (Male) |
| 12:34 | Build | Mill |
| 12:34 | Create | Villager (Male) |
| 12:44 | Create | Villager (Male) |
| 12:48 | Build | Blacksmith |
| 12:55 | Build | Lumber Camp |
| 13:00 | Build | House |
| 13:21 | Create | Villager (Male) |
| 13:22 | Research | Horse Collar |
| 13:23 | Create | Villager (Male) |
| 13:23 | Create | Villager (Male) |
| 13:26 | Build | House |
| 13:44 | Create | Fire Galley |
| 13:44 | Create | Fire Galley |
| 13:55 | Research | Tech 906 |
| 13:59 | Create | Villager (Male) |
| 14:09 | Create | Villager (Male) |
| 14:17 | Build | Market |
| 14:29 | Research | Wheelbarrow |
| 14:30 | Create | Villager (Male) |
| 14:51 | Create | Villager (Male) |
| 15:17 | Build | House |
| 15:18 | Create | Villager (Male) |
| 15:30 | Build | Farm |
| 15:30 | Build | Farm |
| 15:30 | Build | Farm |
| 15:30 | Build | Farm |
| 15:30 | Build | Farm |
| 15:33 | Create | Villager (Male) |
| 15:38 | Create | Fire Galley |
| 15:45 | Create | Villager (Male) |
| 15:54 | Create | Villager (Male) ×3 |
| 16:00 | Build | Dock |
| 16:02 | Create | Villager (Male) |
| 16:03 | Build | Farm |
| 16:03 | Build | Farm |
| 16:03 | Build | Farm |
| 16:04 | Build | Farm |
| 16:04 | Build | Farm |
| 16:04 | Build | Farm |
| 16:04 | Build | Farm |
| 16:07 | Build | Farm |
| 16:08 | Build | Farm |
| 16:14 | Create | Villager (Male) |
| 16:16 | Build | Farm |
| 16:35 | Create | Fire Galley |
| 16:43 | Create | Villager (Male) |
| 16:43 | Create | Villager (Male) |
| 16:51 | Build | House |
| 16:52 | Create | Fire Galley |
| 17:05 | Create | Villager (Male) |
| 17:09 | Create | Fire Galley |
| 17:16 | Build | House |
| 17:17 | Create | Villager (Male) ×3 |
| 17:29 | Build | Farm |
| 17:40 | Build | Lumber Camp |
| 17:41 | Build | Farm |
| 17:43 | Build | Farm |
| 17:53 | Build | House |
| 18:01 | Build | Farm |
| 18:11 | Build | Lumber Camp |
| 18:17 | Research | Castle Age |
| 18:24 | Create | Villager (Male) |
| 18:32 | Build | Dock |
| 18:38 | Research | Gold Mining |
| 18:56 | Create | Galley |
| 18:56 | Create | Galley |
| 19:11 | Create | Villager (Male) |
| 19:13 | Build | Dock |
| 19:16 | Research | Fletching |
| 19:32 | Build | House |
| 19:32 | Build | House |
| 19:41 | Create | Fire Galley |
| 19:41 | Create | Fire Galley |
| 19:44 | Create | Villager (Male) |
| 19:57 | Build | Dock |
| 20:04 | Create | Fire Galley |
| 20:04 | Create | Fire Galley |
| 20:04 | Create | Fire Galley |
| 20:06 | Create | Villager (Male) |
| 20:16 | Build | Farm |
| 20:17 | Build | Farm |
| 20:20 | Create | Villager (Male) |
| 20:34 | Create | Fire Galley |
| 20:35 | Create | Fire Galley |
| 20:40 | Create | Villager (Male) |
| 20:59 | Build | House |
| 20:59 | Build | House |
| 21:03 | Create | Fire Galley |
Match timeline
| 3:59 | . · first_building Dock |
| 4:14 | VN_Zko · first_building Dock |
| 4:30 | VN_DarK_KnighT_ · first_building Dock |
| 4:34 | VN_KoNFeR · first_building Dock |
| 4:37 | Calvin_Klein · first_building Dock |
| 4:45 | SHell | Denchik_Ne_Lohx · first_building Dock |
| 4:46 | Idle Brother · first_building Dock |
| 6:07 | SHell | Denchik_Ne_Lohx · wall_segment Palisade Wall x1 |
| 6:07 | VN_KoNFeR · wall_segment Palisade Wall x5 |
| 6:07 | SHell | Denchik_Ne_Lohx · wall_segment Palisade Wall x1 |
| 6:09 | SHell | Denchik_Ne_Lohx · wall_segment Palisade Wall x1 |
| 6:11 | SHell | Denchik_Ne_Lohx · wall_segment Palisade Wall x1 |
| 6:37 | VN_Zko · wall_segment Palisade Wall x8 |
| 7:04 | VN_Zko · wall_segment Palisade Wall x1 |
| 7:05 | VN_Zko · wall_segment Palisade Wall x1 |
| 7:14 | VN_KoNFeR · wall_segment Palisade Wall x3 |
| 7:16 | VN_Zko · wall_segment Palisade Wall x1 |
| 7:19 | VN_Zko · wall_segment Palisade Wall x1 |
| 7:22 | VN_Zko · wall_segment Palisade Wall x1 |
| 7:26 | VN_Zko · wall_segment Palisade Wall x1 |
| 7:39 | SHell | Denchik_Ne_Lohx · wall_segment Palisade Wall x1 |
| 7:41 | SHell | Denchik_Ne_Lohx · wall_segment Palisade Wall x5 |
| 9:35 | . · age_up feudal |
| 9:51 | VN_DarK_KnighT_ · age_up feudal |
| 9:59 | Zni.Venom · first_building Dock |
| 10:04 | VN_KoNFeR · age_up feudal |
| 10:07 | SHell | Denchik_Ne_Lohx · age_up feudal |
| 10:12 | . · wall_segment Stone Wall x10 |
| 10:20 | Calvin_Klein · age_up feudal |
| 10:38 | Zni.Venom · age_up feudal |
| 10:46 | . · wall_segment Stone Wall x4 |
| 10:46 | VN_Zko · age_up feudal |
| 10:57 | Idle Brother · age_up feudal |
| 11:39 | VN_Zko · wall_segment Stone Wall x4 |
| 12:51 | VN_Zko · wall_segment Stone Wall x11 |
| 12:59 | VN_Zko · wall_segment Stone Wall x5 |
| 13:56 | . · first_market_buy 100 food |
| 13:56 | . · first_market_sell 100 stone |
| 14:46 | Idle Brother · age_up castle |
| 15:17 | Zni.Venom · first_market_sell 100 wood |
| 15:24 | VN_Zko · wall_segment Stone Wall x1 |
| 16:39 | . · age_up castle |
| 17:33 | VN_DarK_KnighT_ · first_market_buy 100 food |
| 18:18 | Zni.Venom · age_up castle |
| 18:25 | Zni.Venom · first_building Siege Workshop |
| 19:39 | Calvin_Klein · age_up castle |
| 19:48 | Idle Brother · first_building Monastery |
| 19:54 | VN_Zko · first_market_buy 100 food |
| 19:58 | VN_Zko · first_market_sell 100 wood |
| 20:03 | SHell | Denchik_Ne_Lohx · first_market_buy 100 food |
| 20:25 | Zni.Venom · first_building Barracks |
| 21:09 | VN_DarK_KnighT_ · age_up castle |
| 21:36 | Zni.Venom · first_market_buy 100 wood |
| 21:41 | VN_KoNFeR · age_up castle |
| 21:46 | Zni.Venom · first_building Stable |
| 22:16 | VN_DarK_KnighT_ · first_market_sell 100 food |
| 23:03 | VN_DarK_KnighT_ · first_building Monastery |
| 23:10 | VN_Zko · age_up castle |
| 23:17 | SHell | Denchik_Ne_Lohx · age_up castle |
| 24:45 | VN_KoNFeR · first_building Monastery |
| 24:49 | SHell | Denchik_Ne_Lohx · first_market_sell 500 food |
| 25:00 | Calvin_Klein · first_building Monastery |
| 25:10 | VN_KoNFeR · wall_segment Palisade Wall x6 |
| 25:16 | VN_KoNFeR · first_building Siege Workshop |
| 25:21 | Idle Brother · first_market_buy 100 food |
| 25:35 | VN_KoNFeR · first_building Barracks |
| 25:43 | VN_DarK_KnighT_ · first_building Barracks |
| 25:48 | VN_KoNFeR · wall_segment Palisade Wall x1 |
| 26:08 | VN_Zko · wall_segment Stone Wall x9 |
| 26:24 | . · first_building Monastery |
| 26:40 | VN_DarK_KnighT_ · first_building Stable |
| 26:51 | VN_KoNFeR · wall_segment Palisade Wall x1 |
| 26:54 | VN_KoNFeR · wall_segment Palisade Wall x1 |
| 27:05 | VN_KoNFeR · first_market_buy 100 stone |
| 27:09 | VN_DarK_KnighT_ · age_up imperial |
| 27:31 | VN_KoNFeR · wall_segment Palisade Wall x1 |
| 27:31 | VN_DarK_KnighT_ · first_building Castle |
| 27:33 | VN_KoNFeR · wall_segment Palisade Wall x1 |
| 27:34 | VN_KoNFeR · wall_segment Palisade Wall x1 |
| 27:35 | Calvin_Klein · first_market_sell 500 wood |
| 27:41 | Idle Brother · first_building Castle |
| 27:47 | VN_KoNFeR · wall_segment Palisade Wall x1 |
| 27:50 | Idle Brother · first_building Siege Workshop |
| 27:58 | Calvin_Klein · first_market_buy 100 food |
| 28:35 | Idle Brother · first_building Barracks |
| 29:15 | Calvin_Klein · first_building Barracks |
| 29:34 | VN_KoNFeR · wall_segment Palisade Wall x1 |
| 29:43 | Zni.Venom · first_building Monastery |
| 29:43 | . · first_building Castle |
| 29:59 | VN_Zko · first_building Monastery |
| 30:40 | Calvin_Klein · first_building Stable |
| 30:49 | Idle Brother · first_building Stable |
| 31:06 | Zni.Venom · first_building Castle |
| 31:11 | Calvin_Klein · age_up imperial |
| 31:36 | . · age_up imperial |
| 31:55 | Idle Brother · age_up imperial |
| 32:12 | Calvin_Klein · first_building Castle |
| 32:44 | Idle Brother · first_market_sell 100 wood |
| 33:28 | VN_DarK_KnighT_ · first_building Archery Range |
| 33:37 | Zni.Venom · age_up imperial |
| 33:39 | VN_KoNFeR · first_market_sell 100 wood |
| 34:58 | SHell | Denchik_Ne_Lohx · wall_segment Stone Wall x1 |
| 35:01 | SHell | Denchik_Ne_Lohx · wall_segment Stone Wall x1 |
| 35:26 | SHell | Denchik_Ne_Lohx · wall_segment Palisade Wall x1 |
| 35:28 | SHell | Denchik_Ne_Lohx · wall_segment Palisade Wall x1 |
| 36:12 | . · first_building Barracks |
| 36:43 | SHell | Denchik_Ne_Lohx · first_building Castle |
| 37:08 | . · first_building Stable |
| 37:22 | VN_KoNFeR · first_building Castle |
| 37:39 | Zni.Venom · tribute_sent a jugador 1 |
| 37:39 | Zni.Venom · tribute_sent a jugador 2 |
| 37:39 | Zni.Venom · tribute_sent a jugador 3 |
| 37:39 | Zni.Venom · tribute_sent a jugador 5 |
| 37:39 | Zni.Venom · tribute_sent a jugador 6 |
| 37:39 | Zni.Venom · tribute_sent a jugador 7 |
| 37:39 | Zni.Venom · tribute_sent a jugador 8 |
| 37:44 | VN_KoNFeR · age_up imperial |
| 37:46 | Zni.Venom · tribute_sent a jugador 1 |
| 37:46 | Zni.Venom · tribute_sent a jugador 2 |
| 37:46 | Zni.Venom · tribute_sent a jugador 3 |
| 37:46 | Zni.Venom · tribute_sent a jugador 5 |
| 37:46 | Zni.Venom · tribute_sent a jugador 6 |
| 37:46 | Zni.Venom · tribute_sent a jugador 7 |
| 37:46 | Zni.Venom · tribute_sent a jugador 8 |
| 37:53 | Idle Brother · first_building Archery Range |
| 38:29 | VN_Zko · age_up imperial |
| 40:24 | Calvin_Klein · wall_segment Palisade Wall x1 |
| 40:26 | Calvin_Klein · wall_segment Palisade Wall x1 |
| 40:32 | Zni.Venom · tribute_sent a jugador 1 |
| 40:32 | Zni.Venom · tribute_sent a jugador 2 |
| 40:32 | Zni.Venom · tribute_sent a jugador 3 |
| 40:32 | Zni.Venom · tribute_sent a jugador 5 |
| 40:32 | Zni.Venom · tribute_sent a jugador 6 |
| 40:32 | Zni.Venom · tribute_sent a jugador 7 |
| 40:32 | Zni.Venom · tribute_sent a jugador 8 |
| 40:39 | . · tribute_sent a jugador 1 |
| 40:39 | . · tribute_sent a jugador 2 |
| 40:39 | . · tribute_sent a jugador 3 |
| 40:39 | . · tribute_sent a jugador 4 |
| 40:39 | . · tribute_sent a jugador 5 |
| 40:39 | . · tribute_sent a jugador 7 |
| 40:39 | . · tribute_sent a jugador 8 |
| 41:17 | Zni.Venom · first_building Archery Range |
| 41:19 | SHell | Denchik_Ne_Lohx · first_building Barracks |
| 41:34 | Zni.Venom · tribute_sent a jugador 1 |
| 41:34 | Zni.Venom · tribute_sent a jugador 2 |
| 41:34 | Zni.Venom · tribute_sent a jugador 3 |
| 41:34 | Zni.Venom · tribute_sent a jugador 5 |
| 41:34 | Zni.Venom · tribute_sent a jugador 6 |
| 41:34 | Zni.Venom · tribute_sent a jugador 7 |
| 41:34 | Zni.Venom · tribute_sent a jugador 8 |
| 41:55 | SHell | Denchik_Ne_Lohx · age_up imperial |
| 42:20 | VN_Zko · wall_segment Stone Wall x5 |
| 42:24 | VN_Zko · wall_segment Stone Wall x4 |
| 42:27 | VN_Zko · wall_segment Stone Wall x4 |
| 42:49 | VN_Zko · first_building Castle |
| 43:13 | SHell | Denchik_Ne_Lohx · resign |
[ AI ANALYSIS · 1 CREDIT ]
What really happened in this match?
Wolo.gg analyzes every decision: build order, eco, micro, common mistakes by bracket. Personalized analysis on WhatsApp or Discord in 30 seconds.
Civ guide
Lithuanians
Perfil
Jugador #11969432